 Dungeon Crawl Stone Soup version 0.28-a0-834-g1a73be5ee4 (webtiles) character file.

Game seed: 6990766397332826100

1968 ryw the Summoner (level 9, -1/50 HPs)
             Began as a Deep Elf Summoner on Nov 11, 2021.
             Was an Initiate of Sif Muna.
             Slain by a kobold brigand (7 damage)
             ... on level 5 of the Dungeon.
             The game lasted 00:17:34 (6708 turns).

ryw the Summoner (Deep Elf Summoner)                Turns: 6708, Time: 00:17:35

Health: -1/50      AC:  2    Str:  6    XL:     9   Next: 0%
Magic:  8/18       EV: 14    Int: 23    God:    Sif Muna [......]
Gold:   228        SH:  0    Dex: 15    Spells: 8/18 levels left

rFire   . . .      SeeInvis .   h - +7 rapier (flame)
rCold   . . .      Faith    .   (no shield)
rNeg    . . .      Spirit   .   a - +0 robe
rPois   .          Reflect  .   (no helmet)
rElec   .          Harm     .   (no cloak)
rCorr   .          Rampage  .   (no gloves)
Will    .....                   (no boots)
Stlth   +++.......              (no amulet)
HPRegen 0.16/turn               (no ring)
MPRegen 0.16/turn               (no ring)

@: about to teleport, slowed, very slow
A: no striking features
a: Renounce Religion


You were on level 5 of the Dungeon.
You worshipped Sif Muna.
Sif Muna was noncommittal.
You visited 2 branches of the dungeon, and saw 7 of its levels.

You collected 228 gold pieces.

Inventory:

Hand Weapons
 h - a +7 rapier of flaming (weapon)
Armour
 a - a +0 robe (worn)
Jewellery
 j - a ring of wizardry
Wands
 k - a wand of flame (6)
Scrolls
 b - 5 scrolls of identify
Potions
 c - a potion of lignification {unknown}
 d - a potion of brilliance {unknown}
 e - 3 potions of heal wounds {unknown}
 f - a potion of attraction {unknown}
 g - a potion of berserk rage
 i - a potion of flight {unknown}
 n - a potion of might {unknown}


   Skills:
 + Level 3.0 Fighting
 - Level 3.0 Short Blades
 - Level 5.0 Dodging
 + Level 4.6 Stealth
 - Level 5.0 Spellcasting
 * Level 10.0 Summonings
 - Level 3.0 Air Magic


You had 8 spell levels left.
You knew the following spells:

 Your Spells              Type           Power      Damage    Failure   Level
a - Summon Small Mammal   Summ           100%       N/A       1%          1
b - Call Imp              Summ           51%        N/A       1%          2
c - Call Canine Familiar  Summ           51%        N/A       1%          3
d - Summon Lightning Spi  Summ/Air       35%        N/A       6%          4

Your spell library contained the following spells:

 Spells                   Type           Power      Damage    Failure   Level
 Summon Guardian Golem    Hex/Summ       28%        N/A       3%          3


Dungeon Overview and Level Annotations

Branches:
Dungeon (6/15)             Temple (1/1) D:5

Altars:
Ashenzari
Cheibriados
Elyvilon
Fedhas
Gozag
Hepliaklqana
Kikubaaqudgha
Okawaru
Qazlal
Ru
Sif Muna
Trog
Vehumet
Wu Jian
Yredelemnul
Zin

Annotations:
D:3 1 runed translucent door, Twinkles's ghost, weakling DECj
D:4 2 transporters, R007833r's ghost, amateur DsFE


Message History

Your wolf closely misses the kobold brigand.
Your crimson imp barely misses the kobold brigand.
You feel better.
Your wolf bites the kobold brigand.
A scorpion comes into view.
Something hits your crimson imp.
The kobold brigand hits you with a +1 whip of pain.
* * * LOW HITPOINT WARNING * * *
Your wolf bites the kobold brigand.
Your crimson imp hits the kobold brigand but does no damage.
The kobold brigand closely misses you. Something hits your crimson imp.
Your wolf barely misses the kobold brigand.
A kobold comes into view.
It is wielding a +1 whip of electrocution.
Your wolf barely misses the kobold brigand.
Your crimson imp closely misses the kobold brigand.
Something hits your crimson imp. The kobold brigand barely misses you.
Your wolf bites the kobold brigand but does no damage.
The scorpion stings your crimson imp.
Your crimson imp dies!
Your crimson imp disappears in a puff of smoke!
You climb upwards.
Your summoned ally is left behind.
There is a stone staircase leading down here.
Casting: Call Canine Familiar (safe; 1% risk of failure)
Confirm with . or Enter, or press ? or * to list all spells.
The kobold brigand barely misses you.
The kobold brigand hits you with a +1 whip of pain.
* * * LOW HITPOINT WARNING * * *
Unknown command.
You feel better.
Your wolf completely misses the kobold brigand.
The kobold brigand hits you with a +1 whip of pain!
* * * LOW HITPOINT WARNING * * *
You writhe in agony.
* * * LOW HITPOINT WARNING * * *
Your wolf barely misses the kobold brigand.
Unknown command.
As you read the scroll labelled YSUAXU RUROU, it crumbles to dust.
You feel strangely unstable.
It was a scroll of teleportation.
Your wolf bites the kobold brigand.
The kobold brigand hits you with a +1 whip of pain!
You die...

......######[###.####.#
#####.
########...........##.#
#. #.####.##.#.##.# #.
########.#
#..#......##########.
.........#
##.#.#...............
.........#
#...################
.........# ##.h#
.........# #.K#
####'##### ##@#
#.#############
####...........#
#...##########.# #...#
#.# #...# ########.#
#...# #.....##.# #...#
#.###.##.# #...# #.#
#.##.#


You could see a kobold brigand (ally target) and a friendly wolf (summoned).

Vanquished Creatures
  A bullfrog zombie (D:5)
  An orc priest (D:3)
  A hound skeleton (D:5)
  5 adders
  A shadow imp (D:5)
  A worm (D:3)
  A dart slug (D:4)
  2 orcs (D:3)
  4 endoplasms
  A giant cockroach (D:4)
  A jackal (D:1)
  3 quokkas (D:3)
  2 ball pythons
  3 bats (D:3)
  2 frilled lizards
  A goblin (D:3)
  2 rats
  A toadstool (D:1)
33 creatures vanquished.

Vanquished Creatures (collateral kills)
  Pikel (D:5)
  Sigmund (D:2)
  Eustachio (D:4)
  Menkaure (D:4)
  Duvessa (D:5)
  A black bear (D:4)
  An ogre (D:5)
  A necrophage (D:5)
  Blork the orc (D:5)
  A bullfrog (D:5)
  Dowan (D:5)
  A scorpion (D:5)
  A water moccasin zombie (D:5)
  A jelly (D:5)
  A hound (D:4)
  2 centaur skeletons (D:4)
  Natasha (D:2)
  An iguana (D:5)
  5 adders
  2 dart slugs
  9 orcs
  4 ball pythons
  5 bats
  9 endoplasms
  5 giant cockroaches
  A goblin (D:1)
  A hobgoblin (D:2)
  6 jackals (D:1)
  2 kobolds
  A quokka (D:2)
  A frilled lizard (D:1)
  3 rats
73 creatures vanquished.

Vanquished Creatures (others)
  3 toadstools (D:1)
3 creatures vanquished.

Grand Total: 109 creatures vanquished

Notes
Turn   | Place    | Note
-------+----------+-------------------------------------------
     0 | D:1      | ryw the Deep Elf Summoner began the quest for the Orb.
     0 | D:1      | Reached XP level 1. HP: 10/10 MP: 6/6
    73 | D:1      | Reached XP level 2. HP: 13/15 MP: 4/8
   113 | D:1      | Learned a level 2 spell: Call Imp
   265 | D:1      | Reached skill level 5 in Summonings
   804 | D:1      | Reached XP level 3. HP: 18/19 MP: 9/9
  1128 | D:1      | Learned a level 3 spell: Call Canine Familiar
  1999 | D:2      | Reached skill level 6 in Summonings
  2347 | D:2      | Reached XP level 4. HP: 24/24 MP: 6/10
  2390 | D:2      | Noticed Natasha
  2398 | D:2      | Killed Natasha
  2424 | D:2      | Noticed Sigmund
  2439 | D:2      | Killed Sigmund
  2440 | D:2      | Reached skill level 7 in Summonings
  2440 | D:2      | Reached XP level 5. HP: 28/28 MP: 1/11
  2440 | D:2      | Reached XP level 6. HP: 32/32 MP: 1/12
  2730 | D:2      | Learned a level 4 spell: Summon Lightning Spire
  2989 | D:4      | Noticed Menkaure
  2995 | D:4      | Killed Menkaure
  2996 | D:4      | Reached skill level 8 in Summonings
  3232 | D:4      | Reached skill level 1 in Air Magic
  3293 | D:4      | Reached skill level 1 in Short Blades
  3316 | D:4      | Reached skill level 1 in Fighting
  3333 | D:4      | Noticed Eustachio
  3392 | D:4      | Killed Eustachio
  3393 | D:4      | Reached XP level 7. HP: 38/38 MP: 6/15
  3579 | D:4      | Found a transporter.
  3579 | D:4      | Noticed R007833r's ghost (amateur DsFE)
  3608 | D:4      | Found a transporter.
  4530 | D:3      | Found a runed translucent door.
  4530 | D:3      | Noticed Twinkles's ghost (weakling DECj)
  4982 | D:5      | Entered Level 5 of the Dungeon
  5117 | D:5      | Reached skill level 9 in Summonings
  5119 | D:5      | Reached XP level 8. HP: 43/44 MP: 16/16
  5431 | D:5      | Noticed Dowan
  5432 | D:5      | Noticed Duvessa
  5450 | D:5      | Killed Duvessa
  5487 | D:5      | Killed Dowan
  5577 | D:5      | Noticed Blork the orc
  5585 | D:5      | Killed Blork the orc
  5586 | D:5      | Reached skill level 5 in Spellcasting
  5947 | D:5      | Noticed Pikel
  5991 | D:5      | Killed Pikel
  5992 | D:5      | Reached skill level 5 in Dodging
  5992 | D:5      | Reached skill level 10 in Summonings
  6403 | D:5      | Found a staircase to the Ecumenical Temple.
  6411 | D:5      | Reached XP level 9. HP: 50/50 MP: 14/18
  6419 | Temple   | Entered the Ecumenical Temple
  6597 | Temple   | Became a worshipper of Sif Muna the Loreminder
  6708 | D:5      | Slain by a kobold brigand

Illustrated notes

Levels and vault maps discovered:
D:1:      ldierk_water_garden, layout_basic
D:2:      layout_basic, uniq_natasha, uniq_sigmund
D:3:      layout_basic, ebering_ghost_inner_flame
D:4:      layout_basic, gammafunk_ghost_arena, uniq_eustachio, uniq_menkaure
D:5:      layout_basic, minmay_temple_entry_poolview, uniq_duvessa, uniq_pikel,
          uniq_blork_the_orc
D:6:      minmay_spotlight, layout_basic, lemuel_tele_altar, lemuel_round_altar,
          serial_rivers, chequers_serial_rivers_micro_c,
          chequers_serial_rivers_micro_b, chequers_serial_rivers_micro_d,
          chequers_serial_rivers_micro_b
Temple:   eino_temple_rhombus

Skill      XL: |  1  2  3  4  5  6  7  8 |
---------------+-------------------------+-----
Summonings     | 5 6 7 8 9 10 | 10.0
Air Magic      | 1 2 3 |  3.0
Short Blades   | 1 3 |  3.0
Dodging        | 3 5 |  5.0
Fighting       | 1 2 3 |  3.0
Spellcasting   | 4 5 |  5.0
Stealth        | 3 4 |  4.6

Action                   |  1- 3 |  4- 6 |  7- 9 || total
-------------------------+-------+-------+-------++-------
Melee: Unarmed           |    18 |       |       ||    18
       Dagger            |    35 |     6 |       ||    41
       Rapier            |       |       |    71 ||    71
 Cast: Summon Small Mamm |    40 |    12 |    18 ||    70
       Call Imp          |    17 |     5 |    13 ||    35
       Call Canine Famil |     2 |     8 |    18 ||    28
  Use: Scroll            |       |     2 |     3 ||     5
       Potion            |       |       |     2 ||     2
 Stab: Distracted        |       |     1 |       ||     1
       Sleeping          |       |     1 |     8 ||     9
Armor: Robe              |    15 |     9 |     8 ||    32
Dodge: Dodged            |    46 |    16 |    53 ||   115

Table legend: (Time is in decaauts)
 A = Elapsed time spent in this place.
 B = Non-inter-level travel time spent in this place.
 C = Inter-level travel time spent in this place.
 D = Time resting spent in this place.
 E = Time spent auto-exploring this place.
 F = Levels seen in this place.
 G = Mean time per level.
                   A        B        C        D        E       F      G
               +--------+--------+--------+--------+--------+-----+--------+
         Total |   6724 |   6483 |    241 |    839 |   4479 |   7 |  960.6 |
       Dungeon |   6534 |   6325 |    209 |    839 |   4348 |   6 | 1089.0 |
        Temple |    189 |    157 |     32 |      0 |    131 |   1 |  189.0 |
               +--------+--------+--------+--------+--------+-----+--------+

Top non-repeatable levels by time:
     D:2: 1620 daAuts
     D:5: 1510 daAuts
     D:4: 1357 daAuts
     D:1: 1128 daAuts
     D:3: 881 daAuts
  Temple: 189 daAuts
     D:6: 35 daAuts
